 Dungeon Crawl Stone Soup version 0.22.0-1-g6561e4c (webtiles) character file.

1859 Gergoth the Cleaver (level 9, -3/81 HPs)
             Began as a Hill Orc Fighter on Aug 12, 2018.
             Was a Believer of the Shining One.
             Slain by a hornet (6 damage)
             ... on level 7 of the Dungeon.
             The game lasted 00:07:10 (6258 turns).

Gergoth the Cleaver (Hill Orc Fighter)              Turns: 6258, Time: 00:07:11

Health: -3/81      AC: 11    Str: 22    XL:     9   Next: 13%
Magic:  9/9        EV:  7    Int:  8    God:    the Shining One [**....]
Gold:   378        SH:  9    Dex: 10    Spells: 8/8 levels left

rFire    . . .     SeeInvis .   a - +0 war axe
rCold    . . .     Gourm    .   c - +0 shield
rNeg     + . .     Faith    .   b - +0 scale mail
rPois    .         Spirit   .   (no helmet)
rElec    .         Reflect  .   d - +2 cloak
rCorr    .         Harm     .   (no gloves)
MR       .....                  (no boots)
Stlth    ..........             (no amulet)
HPRegen  0.23/turn              (no ring)
MPRegen  0.11/turn              (no ring)

@: slowed, glowing, drained, very slow
A: no striking features
a: Divine Shield, Renounce Religion


You were on level 7 of the Dungeon.
You worshipped the Shining One.
The Shining One was pleased with you.
You were not hungry.

You visited 2 branches of the dungeon, and saw 8 of its levels.

You collected 378 gold pieces.

Inventory:

Hand Weapons
 a - a +0 war axe (weapon)
Armour
 b - a +0 scale mail (worn)
 c - a +0 shield (worn)
 d - a +2 cloak (worn)
 t - a +0 large shield
Jewellery
 x - a +4 ring of dexterity {unknown}
Wands
 s - a wand of flame (36)
Scrolls
 h - 4 scrolls of remove curse {unknown}
 i - 2 scrolls of teleportation
 m - 4 scrolls of identify {@r1}
 n - 2 scrolls of blinking {unknown}
 o - a scroll of noise {unknown}
 p - a scroll of enchant armour {unknown}
 r - a scroll of immolation {unknown}
Potions
 e - a potion of ambrosia {unknown}
 g - a potion of agility {unknown}
 j - 6 potions of lignification {unknown}
 k - a potion of magic {unknown}
 l - a potion of cancellation {unknown}
 q - a potion of flight {unknown}
 u - a potion of curing
 v - 2 potions of heal wounds {unknown}
 w - a potion of brilliance {unknown}
Comestibles
 f - 13 rations


   Skills:
 - Level 8.2(8.1) Fighting
 + Level 10.1(10.0) Axes
 - Level 7.6(7.4) Armour
 - Level 3.2(3.1) Shields


You had 8 spell levels left.
You didn't know any spells.
Your spell library contained the following spells:

 Spells                   Type           Power        Failure   Level  Hunger
 Animate Dead             Necr           N/A          100%        4    #####..
 Pain                     Necr           #...         99%         1    ##.....
 Animate Skeleton         Necr           N/A          99%         1    ##.....
 Vampiric Draining        Necr           #.........   100%        3    ####...
 Regeneration             Chrm/Necr      #.........   100%        3    ####...
 Spider Form              Tmut/Pois      #.........   100%        3    ####...
 Blade Hands              Tmut           #.........   100%        5    ######.
 Ice Form                 Ice/Tmut       #.......     100%        4    #####..
 Sticks to Snakes         Tmut           #.......     100%        2    ###....
 Beastly Appendage        Tmut           #.....       99%         1    ##.....


Dungeon Overview and Level Annotations

Branches:
Dungeon (7/15)             Temple (1/1) D:4

Altars:
Ashenzari
Dithmenos
Fedhas
Kikubaaqudgha
Nemelex Xobeh
Okawaru
Qazlal
Ru
Sif Muna
Trog
Wu Jian
Yredelemnul
The Shining One


Message History

You barely miss the hornet.
The hornet is severely wounded.
* * * LOW HITPOINT WARNING * * *
You feel sick. The hornet stings you!
* * * LOW HITPOINT WARNING * * *
You feel as though you will be slow longer.
You block the hornet's attack.
You feel better. The hornet barely misses you. The hornet stings you.
* * * LOW HITPOINT WARNING * * *
You feel as though you will be slow longer.
Evoke which item? (* to show all) (? for menu, Esc to quit)
Okay, then.
Okay, then.
You hit the hornet.
The hornet is severely wounded.
The hornet stings you.
* * * LOW HITPOINT WARNING * * *
You feel as though you will be slow longer.
The hornet stings you.
You die...

#####
#################
....+
.........@......#
....#
.........y..>...#
....#
................#
....#
................#
....#
................+
...##
.##..##Z##..##..#
...## #..
#.##..##..# ....#
... #....... ..
....# ...
#........


You could see a hornet and a wyvern skeleton.

Vanquished Creatures
  A water moccasin (D:6)
  A phantom (D:4)
  The ghost of TotesWizzard the Shooter, an amateur CeHu (D:3)
  An ogre (D:4)
  3 big kobolds
  A bullfrog (D:6)
  A water moccasin zombie (D:7)
  A wight (D:7)
  2 crimson imps
  2 hounds (D:4)
  2 jellies
  4 orc priests (D:4)
  3 bullfrog skeletons
  Terence (D:3)
  Crazy Yiuf (D:2)
  Jessica (D:3)
  2 orc wizards
  3 iguanas
  6 worker ants
  Natasha (thrice) (D:3)
  6 adders
  4 gnolls (D:4)
  2 shadow imps
  3 oozes
  3 adder skeletons
  3 worms
  A dart slug (D:1)
  7 leopard geckos
  19 orcs
  12 bats
  3 giant cockroaches (D:2)
  43 goblins
  20 hobgoblins
  4 jackals (D:1)
  3 quokkas
  A ball python (D:5)
  7 frilled lizards
  11 kobolds
  A leopard gecko skeleton (D:5)
  8 rats
201 creatures vanquished.

Notes
Turn   | Place    | Note
-------+----------+-------------------------------------------
     0 | D:1      | Gergoth the Hill Orc Fighter began the quest for the Orb.
     0 | D:1      | Reached XP level 1. HP: 19/19 MP: 1/1
    43 | D:1      | Reached skill level 3 in Axes
    46 | D:1      | Reached XP level 2. HP: 21/27 MP: 2/2
   388 | D:1      | Reached XP level 3. HP: 29/33 MP: 3/3
   421 | D:1      | Found a shattered altar of Ashenzari.
   821 | D:2      | Reached XP level 4. HP: 26/41 MP: 4/4
  1177 | D:2      | Found a runed door.
  1301 | D:2      | Reached skill level 4 in Axes
  1817 | D:2      | Noticed Crazy Yiuf
  1826 | D:2      | Killed Crazy Yiuf
  2062 | D:3      | Noticed Jessica
  2081 | D:3      | Killed Jessica
  2081 | D:3      | Reached XP level 5. HP: 40/47 MP: 5/5
  2092 | D:3      | Noticed Terence
  2095 | D:3      | Found a runed door.
  2101 | D:3      | Killed Terence
  2101 | D:3      | Reached skill level 5 in Fighting
  2114 | D:3      | Noticed TotesWizzard's ghost (amateur CeHu)
  2466 | D:3      | Reached skill level 5 in Axes
  2756 | D:3      | Reached XP level 6. HP: 55/56 MP: 6/6
  2942 | D:3      | Noticed Natasha
  2953 | D:3      | Killed Natasha
  2953 | D:3      | Reached skill level 5 in Armour
  3016 | D:3      | Noticed Natasha
  3024 | D:3      | Killed Natasha
  3105 | D:3      | Killed TotesWizzard's ghost
  3269 | D:3      | Noticed Natasha
  3277 | D:3      | Killed Natasha
  3351 | D:4      | Reached XP level 7. HP: 53/63 MP: 7/7
  3370 | D:4      | Reached skill level 6 in Axes
  3689 | D:4      | Found a staircase to the Ecumenical Temple.
  3714 | Temple   | Entered the Ecumenical Temple
  3733 | Temple   | Became a worshipper of the Shining One
  4332 | D:4      | Reached skill level 7 in Axes
  4558 | D:4      | Reached XP level 8. HP: 57/73 MP: 8/8
  4914 | D:5      | Entered Level 5 of the Dungeon
  5000 | D:5      | Reached * piety under the Shining One
  5022 | D:5      | Reached skill level 8 in Axes
  5943 | D:6      | Reached skill level 9 in Axes
  6131 | D:7      | Reached XP level 9. HP: 81/81 MP: 9/9
  6231 | D:7      | Noticed a hornet
  6231 | D:7      | Reached ** piety under the Shining One
  6233 | D:7      | Reached skill level 10 in Axes
  6256 | D:7      | HP: 1/81 [hornet (11)]
  6258 | D:7      | Slain by a hornet

Skill      XL: |  1  2  3  4  5  6  7  8  9 |
---------------+----------------------------+-----
Axes           | 3 4 5 7 9 10 | 10.1
Fighting       | 4 5 6 7 8 |  8.2
Armour         | 4 5 6 7 |  7.6
Shields        | |  3.2

Action                   |  1- 3 |  4- 6 |  7- 9 || total
-------------------------+-------+-------+-------++-------
Melee: War axe           |   118 |   188 |   289 ||   595
Evoke: Wand              |       |       |     1 ||     1
  Use: Potion            |       |     1 |     1 ||     2
       Scroll            |       |       |     2 ||     2
  Eat: Chunk             |       |     7 |    11 ||    18
Armor: Scale mail        |    73 |    91 |   138 ||   302
Dodge: Dodged            |    56 |    48 |    82 ||   186
Block: Shield            |    85 |    98 |   149 ||   332
